 Dungeon Crawl Stone Soup version 0.26-a0-490-gf8362a0c98 (webtiles) character file.

Game seed: 10691455516526116935

49 ANON1729 the Sneak (level 3, -5/31 HPs)
             Began as a Palentonga Delver on Aug 4, 2020.
             Shot with an arrow by a centaur (10 damage)
             ... on level 5 of the Dungeon.
             The game lasted 00:02:32 (798 turns).

ANON1729 the Sneak (Palentonga Delver)               Turns: 798, Time: 00:02:33

Health: -5/31      AC:  4    Str: 16    XL:     3   Next: 51%
Magic:  3/3        EV:  9    Int: 10    God:
Gold:   28         SH:  0    Dex: 11    Spells: 2/2 levels left

rFire    . . .     SeeInvis +   a - +0 falchion
rCold    . . .     Faith    .   (no shield)
rNeg     . . .     Spirit   .   b - +0 leather armour
rPois    .         Reflect  .   (no helmet)
rElec    .         Harm     .   (no cloak)
rCorr    .                      (no gloves)
MR       .....                  (boots restricted)
Stlth    ++........             (no amulet)
HPRegen  0.10/turn              (no ring)
MPRegen  0.08/turn              (no ring)

@: very slightly contaminated, lightly drained, invisible
A: large, rugged brown scales 3, see invisible, deformed body, roll, armoured
tail
a: Rolling Charge


You were on level 5 of the Dungeon.
You visited 1 branch of the dungeon, and saw 2 of its levels.

You collected 28 gold pieces.

Inventory:

Hand Weapons
 a - a +0 falchion (weapon)
Armour
 b - a +0 leather armour (worn)
Wands
 g - a wand of digging (3)
Scrolls
 c - a scroll of fog
 d - a scroll of magic mapping
 e - a scroll of fear
 i - a scroll of identify {unknown}
 j - a scroll of remove curse {unknown}
Potions
 f - a potion of haste


   Skills:
 + Level 3.4(2.9) Fighting
 + Level 2.5(2.1) Long Blades
 + Level 2.1(1.6) Dodging
 + Level 3.6(3.1) Stealth


You had 2 spell levels left.
You didn't know any spells.
Your spell library was empty.

Dungeon Overview and Level Annotations

Branches:
Dungeon (5/15)
 Temple: D:4-7

Altars:


Innate Abilities, Weirdness & Mutations

You are completely covered in rugged brown scales. (AC +3, +7% HP)
You have supernaturally acute eyesight. (SInv)
Armour fits poorly on your strangely shaped body.
You can roll at foes to attack.
You have a long armoured tail.


Message History

There is an open door here.
The centaur shoots an arrow.
The arrow hits you!
* * * LOW HITPOINT WARNING * * *
You see here an arrow.
As you close the door, it creaks loudly!
It was a potion of invisibility.
You fade into invisibility!
You are very lightly contaminated with residual magic.
A centaur opens the door.
The centaur shoots an arrow.
The arrow closely misses you.
There is an open door here.
The centaur shoots an arrow.
You close the door.
A centaur opens the door.
The centaur shoots an arrow.
The arrow hits you.
* * * LOW HITPOINT WARNING * * *
You see here an arrow.
There is a stone staircase leading down here.
The centaur shoots an arrow.
The arrow hits you!
You die...

##########
#........#
#.#......#
#####........#
............#####
##.#..........).#
##.@..#......###)#
#............# #.#
##.(.######### #.#
##.## #.# #c# #.#
#.# ####.## ##'##
######.....# #
##...###..........#
##.#
##.....##.####.....#


You could see a centaur.

Vanquished Creatures
  An orc wizard (D:5)
  An adder skeleton (D:5)
  6 orcs
  2 quokkas (D:5)
  A leopard gecko skeleton (D:5)
11 creatures vanquished.

Notes
Turn   | Place    | Note
-------+----------+-------------------------------------------
     0 | D:5      | ANON1729 the Palentonga Delver began the quest for the Orb.
     0 | D:5      | Reached XP level 1. HP: 19/19 MP: 1/1
   115 | D:5      | Noticed a worker ant
   116 | D:5      | Noticed an iguana
   206 | D:5      | Noticed an orc wizard
   215 | D:5      | Reached XP level 2. HP: 19/25 MP: 2/2
   224 | D:5      | Reached XP level 3. HP: 19/31 MP: 3/3
   780 | D:5      | Noticed a centaur
   798 | D:5      | Shot with an arrow by a centaur

Illustrated notes

Levels and vault maps discovered:
D:4:      layout_basic, kennysheep_mini, nicolae_ru_great_annihilating_truth,
          minitemple
D:5:      layout_loops_corners, kennysheep_little_box, minmay_fractal_squares_5,
          uniq_eustachio

Skill      XL: |  1  2 |
---------------+-------+-----
Dodging        | 2 |  2.1
Fighting       | |  3.4
Long Blades    | |  2.5
Stealth        | |  3.6

Action                   || total
-------------------------++-------
Melee: Falchion          ||    45
       Tailslap          ||     6
  Use: Potion            ||     1
Armor: Leather armour    ||    16
Dodge: Dodged            ||    19
       Rpst.: Falchion   ||     7

Table legend: (Time is in decaauts)
 A = Elapsed time spent in this place.
 B = Non-inter-level travel time spent in this place.
 C = Inter-level travel time spent in this place.
 D = Time resting spent in this place.
 E = Time spent auto-exploring this place.
 F = Levels seen in this place.
 G = Mean time per level.
                   A        B        C        D        E       F      G
               +--------+--------+--------+--------+--------+-----+--------+
         Total |    815 |    815 |      0 |    434 |    171 |   2 |  407.5 |
       Dungeon |    815 |    815 |      0 |    434 |    171 |   2 |  407.5 |
               +--------+--------+--------+--------+--------+-----+--------+

Top non-repeatable levels by time:
     D:5: 740 daAuts
     D:4: 75 daAuts
